 Seeded DCSS version 0.29-a0-876-gfc89b1a5bd (webtiles) character file.

Game seed: 8897551386731462229 (custom seed)

107 wilfster70 the Shooter (level 4, -4/26 HPs)
             Began as a Deep Elf Arcane Marksman on July 19, 2022.
             Slain by a gnoll
             ... wielding a +1 halberd of protection
              (6 damage)
             ... on level 3 of the Dungeon.
             The game lasted 00:06:05 (2360 turns).

wilfster70 the Shooter (Deep Elf Arcane Marksman)   Turns: 2360, Time: 00:06:05

Health: -4/26      AC:  7    Str:  7    XL:     4   Next: 56%
Magic:  8/8        EV: 12    Int: 20    God:
Gold:   970        SH:  0    Dex: 15    Spells: 5/6 levels left

rFire   . . .      SeeInvis .   a - +0 sling
rCold   . . .      Faith    .   (no shield)
rNeg    . . .      Spirit   .   c - +0 robe
rPois   .          Reflect  .   (no helmet)
rElec   .          Harm     .   (no cloak)
rCorr   .          Rampage  .   j - +0 pair of gloves
Will    .....                   (no boots)
Stlth   +.........              o - amulet of the acrobat
HPRegen 0.08/turn               l - +4 ring of protection
MPRegen 0.11/turn               (no ring)

@: lethally poisoned (-4 -> -23)
A: no striking features
a: no special abilities


You were on level 3 of the Dungeon.
You visited 1 branch of the dungeon, and saw 3 of its levels.

You collected 970 gold pieces.

Inventory:

Hand Weapons
 a - a +0 sling (weapon)
 b - a +0 dagger of holy wrath
Armour
 c - a +0 robe (worn)
 j - a +0 pair of gloves (worn)
Jewellery
 l - a +4 ring of protection (left hand)
 o - an amulet of the acrobat (around neck)
Scrolls
 e - 2 scrolls of vulnerability
 f - a scroll of enchant armour {unknown}
 g - 2 scrolls of poison {unknown}
 h - a scroll of magic mapping {unknown}
 i - 2 scrolls of noise {unknown}
 k - 2 scrolls of teleportation {unknown}
 m - a scroll of amnesia {unknown}
 n - a scroll of blinking {unknown}
 p - a scroll of enchant weapon {unknown}
 r - 3 scrolls of identify
Potions
 d - 2 potions of curing


   Skills:
 - Level 1.8 Fighting
 * Level 5.7 Ranged Weapons
 - Level 2.4 Dodging
 - Level 1.5 Spellcasting
 - Level 4.0 Hexes


You had 5 spell levels left.
You knew the following spells:

 Your Spells              Type           Power      Damage    Failure   Level
a - Slow                  Hex            68%        N/A       3%          1

Your spell library contained the following spells:

 Spells                   Type           Power      Damage    Failure   Level
 Confusing Touch          Hex            17%        N/A       10%         3
 Ensorcelled Hibernation  Hex/Ice        18%        N/A       11%         2
 Apportation              Tloc           2%         N/A       17%         1
 Necrotise                Necr           4%         1d4       17%         1
 Summon Small Mammal      Summ           4%         N/A       17%         1
 Inner Flame              Hex/Fire       9%         N/A       22%         3
 Portal Projectile        Hex/Tloc       18%        N/A       22%         3
 Passwall                 Tmut/Erth      0%         N/A       26%         2
 Cause Fear               Hex            8%         N/A       32%         4
 Swiftness                Air            1%         N/A       45%         3
 Fulminant Prism          Conj/Hex       4%         3d6       58%         4
 Freezing Cloud           Conj/Ice/Air   0%         6-21      99%         5
 Storm Form               Tmut/Air       0%         N/A       100%        7
 Discord                  Hex            8%         N/A       100%        8


Dungeon Overview and Level Annotations

Branches:
Dungeon (3/15)

Altars:


Message History

Aim: a gnoll, wielding a +0 flail (heavily wounded, slow, 61% to hit)
You shoot a sling bullet.
The sling bullet barely misses the gnoll.
Fire: a) +0 sling
Press: ? - help, Q - select action, (/) - cycle Shift-Dir - straight line, f/p - gnoll
Aim: a gnoll, wielding a +0 flail (heavily wounded, slow, 61% to hit)
You shoot a sling bullet. The sling bullet hits the gnoll.
The gnoll is almost dead.
Fire: a) +0 sling
Press: ? - help, Q - select action, (/) - cycle Shift-Dir - straight line, f/p - gnoll
Aim: a gnoll, wielding a +0 flail (almost dead, slow, 61% to hit)
You shoot a sling bullet.
The sling bullet barely misses the gnoll.
The gnoll hits you but does no damage.
Fire: a) +0 sling
Press: ? - help, Q - select action, (/) - cycle Shift-Dir - straight line, f/p - gnoll
Aim: a gnoll, wielding a +0 flail (almost dead, slow, 61% to hit)
You shoot a sling bullet.
The sling bullet hits the gnoll but does no damage.
The gnoll is almost dead.
Fire: a) +0 sling
Press: ? - help, Q - select action, (/) - cycle Shift-Dir - straight line, f/p - gnoll
Aim: a gnoll, wielding a +0 flail (almost dead, slow, 61% to hit)
You shoot a sling bullet. The sling bullet hits the gnoll.
You kill the gnoll!
You start resting.
HP restored.
There is an open door here.
(D) Dungeon
Where to? (Enter - D:3, ? - help)
There is a stone staircase leading down here.
You climb downwards.
The gnoll hits you from afar with a +1 halberd of protection.
The gnoll hits you with a +2 halberd of venom!
You are lethally poisoned!
There is a stone staircase leading up, spattered with blood here.
* * * LOW HITPOINT WARNING * * *
You feel very sick.
The gnoll hits you from afar with a +1 halberd of protection.
You die...

# g #g #. #g#
#..
#####..#########
..........<.gg.#
.......#######@#
######. #.# #>
#.# #. #.# #.
#.# .. .#. #. #
#


You could see 2 gnolls.

Vanquished Creatures
  A gnoll (D:2)
  5 adders (D:2)
  A worm (D:2)
  A dart slug (D:1)
  4 bats
  6 endoplasms
  2 giant cockroaches (D:2)
  2 goblins (D:2)
  5 hobgoblins
  4 jackals (D:1)
  4 kobolds
  3 ball pythons
  6 frilled lizards
44 creatures vanquished.

Vanquished Creatures (others)
  2 fungi (D:2)
  2 plants (D:2)
4 creatures vanquished.

Grand Total: 48 creatures vanquished

Notes
Turn   | Place    | Note
-------+----------+-------------------------------------------
     0 | D:1      | wilfster70 the Deep Elf Arcane Marksman began the quest for
                  | the Orb.
     0 | D:1      | Reached XP level 1. HP: 11/11 MP: 5/5
   127 | D:1      | Reached skill level 1 in Fighting
   127 | D:1      | Reached skill level 3 in Ranged Weapons
   311 | D:1      | Reached XP level 2. HP: 16/16 MP: 4/6
   614 | D:1      | Identified a scroll of acquirement
   614 | D:1      | Acquired the Meditations on Alluring Lightning
   995 | D:2      | Reached skill level 4 in Ranged Weapons
   995 | D:2      | Reached XP level 3. HP: 19/20 MP: 7/7
  1255 | D:2      | Acquired 775 gold pieces
  1264 | D:2      | Reached skill level 5 in Ranged Weapons
  1267 | D:2      | Reached XP level 4. HP: 26/26 MP: 8/8
  1589 | D:2      | Found a faded altar of an unknown god.
  2360 | D:3      | Slain by a gnoll

Illustrated notes

Levels and vault maps discovered:
D:1:      lemuel_arrival_behind_the_door_large, layout_basic, minivault_24,
          dreamdust_wishing_well, moated_statue, minmay_hedge_maze
D:2:      layout_basic, dreamdust_ecumenical_altar_grove, eino_tiny_chamber,
          minmay_joined_circles
D:3:      layout_loops_ring, bloody_trog, mainiacjoe_overflow_tiny_flanked,
          minmay_fractal_squares_gapless_5

Skill      XL: |  1  2  3 |
---------------+----------+-----
Fighting       | 1 |  1.8
Ranged Weapons | 3 4 5 |  5.7
Dodging        | |  2.4
Spellcasting   | |  1.5
Hexes          | |  4.0

Action                   |  1- 3 |  4- 6 || total
-------------------------+-------+-------++-------
 Fire: Sling             |    82 |    48 ||   130
 Cast: Slow              |    12 |     3 ||    15
  Use: Scroll            |     3 |       ||     3
Armor: Robe              |    26 |     9 ||    35
Dodge: Dodged            |    46 |    18 ||    64

Table legend: (Time is in decaauts)
 A = Elapsed time spent in this place.
 B = Non-inter-level travel time spent in this place.
 C = Inter-level travel time spent in this place.
 D = Time resting spent in this place.
 E = Time spent auto-exploring this place.
 F = Levels seen in this place.
 G = Mean time per level.
                   A        B        C        D        E       F      G
               +--------+--------+--------+--------+--------+-----+--------+
         Total |   2381 |   2320 |     61 |    731 |    823 |   3 |  793.7 |
       Dungeon |   2381 |   2320 |     61 |    731 |    823 |   3 |  793.7 |
               +--------+--------+--------+--------+--------+-----+--------+

Top non-repeatable levels by time:
     D:2: 1436 daAuts
     D:1: 924 daAuts
     D:3: 21 daAuts
